 Dungeon Crawl Stone Soup version 0.26.1-10-gdfb7c7de75 (webtiles) character file.

Game seed: 13251714744721398150

134 Electrofox the Magician (level 4, -3/30 HPs)
             Began as a Demonspawn Hedge Wizard on Apr 4, 2021.
             Slain by a gnoll (8 damage)
             ... on level 3 of the Dungeon.
             The game lasted 00:22:40 (6041 turns).

Electrofox the Magician (Demonspawn Hedge Wizard)   Turns: 6041, Time: 00:22:41

Health: -3/30      AC:  3    Str: 11    XL:     4   Next: 95%
Magic:  1/9        EV: 12    Int: 16    God:
Gold:   169        SH:  0    Dex: 12    Spells: 7/10 levels left

rFire    . . .     SeeInvis .   a - +0 dagger
rCold    . . .     Faith    .   (no shield)
rNeg     . . .     Spirit   .   b - +0 robe
rPois    .         Reflect  .   c - +0 hat
rElec    .         Harm     .   l - +0 cloak
rCorr    .         Rampage  .   (no gloves)
Will     .....                  (no boots)
Stlth    ++........             (no amulet)
HPRegen  0.10/turn              (no ring)
MPRegen  0.11/turn              (no ring)

@: no status effects
A: claws 1, miasma immunity
a: no special abilities


You were on level 3 of the Dungeon.
You visited 1 branch of the dungeon, and saw 4 of its levels.

You collected 169 gold pieces.

Inventory:

Hand Weapons
 a - a +0 dagger (weapon)
Missiles
 f - 5 javelins
 n - 10 poisoned darts (quivered)
Armour
 b - a +0 robe (worn)
 c - a +0 hat (worn)
 l - a +0 cloak (worn)
Wands
 m - a wand of paralysis (8)
Scrolls
 g - a scroll of amnesia {unknown}
 h - a scroll of magic mapping
 i - a scroll of identify
 k - 3 scrolls of remove curse
 o - a scroll of immolation {unknown}
Potions
 d - a potion of haste
 j - a potion of attraction
 p - 2 potions of brilliance


   Skills:
 - Level 1.7 Dodging
 - Level 1.7 Stealth
 + Level 3.9 Spellcasting
 * Level 3.4 Conjurations
 - Level 1.0 Summonings
 + Level 1.7 Translocations


You had 7 spell levels left.
You knew the following spells:

 Your Spells              Type           Power        Failure   Level
a - Magic Dart            Conj           56%          4%          1
b - Blink                 Tloc           N/A          12%         2

Your spell library contained the following spells:

 Spells                   Type           Power        Failure   Level
 Call Imp                 Summ           6%           17%         2
 Slow                     Hex            3%           26%         2
 Conjure Flame            Conj/Fire      8%           26%         3
 Mephitic Cloud           Conj/Pois/Air  6%           32%         3


Dungeon Overview and Level Annotations

Branches:
Dungeon (4/15)
 Temple: D:4-7

Altars:
Ru

Annotations:
D:2 exclusion: 3 gnolls


Innate Abilities, Weirdness & Mutations

You have sharp fingernails.
You are immune to miasma.


Message History

Press: ? - help, Shift-Dir - straight line, f - gnoll
Aim: a gnoll, wielding a +0 club (moderately wounded, 0% to evade)
The magic dart hits the gnoll.
The gnoll is moderately wounded.
The gnoll barely misses you.
You hit the gnoll but do no damage.
The gnoll is moderately wounded.
The gnoll closely misses you. The gnoll barely misses you.
You hit the gnoll.
The gnoll is heavily wounded.
The gnoll closely misses you.
The gnoll hits you from afar with a +0 spear!
The orc wizard shouts!
Casting: Magic Dart (safe; 4% risk of failure)
Confirm with . or Enter, or press ? or * to list all spells.
You blink.
The gnoll hits you with a +0 club! The gnoll hits you with a +0 club.
* * * LOW HITPOINT WARNING * * *
The gnoll hits you!
You die...

#.# *,#*#.#.#.##.# #.#
*.#*....#.##.# #.#
*.#*..###.##.#
#.########.##..# #g##.#
#...o.o..)..o..# #.##.#
########......##*#.....
###.#.#....*####..
#.g...#.##.#* ##.
#@#.###.#...** ##
#g#.......g.>*####
#g##........,,,..#
#g##.###....,**#.#
#.##.# **...**##.#
#.##.####*,*###...
#.##.g..##,,......
#.#..###.######...
#....# #........#.


You could see 4 gnolls.

Vanquished Creatures
  4 adders
  An ooze (D:1)
  2 worms (D:2)
  A dart slug (D:2)
  A leopard gecko (D:1)
  8 orcs
  7 giant cockroaches
  8 hobgoblins
  3 jackals
  8 kobolds
  A ball python (D:2)
  8 bats
  11 frilled lizards
  8 goblins
  5 rats
76 creatures vanquished.

Notes
Turn   | Place    | Note
-------+----------+-------------------------------------------
     0 | D:1      | Electrofox the Demonspawn Hedge Wizard began the quest for
                  | the Orb.
     0 | D:1      | Reached XP level 1. HP: 13/13 MP: 4/4
   522 | D:1      | Gained mutation: You have sharp fingernails. [demonic
                  | ancestry]
   522 | D:1      | Reached XP level 2. HP: 18/19 MP: 4/6
  1355 | D:1      | Reached XP level 3. HP: 24/24 MP: 2/8
  1502 | D:1      | Learned a level 2 spell: Blink
  1868 | D:2      | Reached skill level 1 in Translocations
  2532 | D:2      | Gained mutation: You are immune to miasma. [demonic
                  | ancestry]
  2532 | D:2      | Reached XP level 4. HP: 30/30 MP: 7/9
  4684 | D:3      | You fall into a shaft and drop 1 floor!
  4684 | D:4      | Found a sacrificial altar of Ru.
  4724 | D:4      | Noticed a phantom
  5222 | D:2      | HP: 1/30 [orc/+0 trident of flaming (2)]
  6041 | D:3      | Slain by a gnoll

Illustrated notes

Levels and vault maps discovered:
D:1:      dpeg_chamrin_arrival_tetris, layout_basic
D:2:      layout_basic
D:3:      layout_loops_ring
D:4:      layout_cave_pods, kiku_gazebo_garden_becter, general_overflow_altar,
          old_standard_altar

Skill      XL: |  1  2  3  4 |
---------------+-------------+-----
Conjurations   | 2 3 |  3.4
Translocations | 1 |  1.7
Dodging        | |  1.7
Stealth        | |  1.7
Spellcasting   | |  3.9
Summonings     | |  1.0

Action                   |  1- 3 |  4- 6 || total
-------------------------+-------+-------++-------
Melee: Dagger            |    80 |    68 ||   148
 Cast: Magic Dart        |    95 |    79 ||   174
       Blink             |       |     3 ||     3
  Use: Potion            |       |     7 ||     7
       Scroll            |       |     4 ||     4
Armor: Robe              |    13 |    15 ||    28
Dodge: Dodged            |    42 |    58 ||   100
